AoeStats
← Rapis94

Nomad

508146353Analyzed
2v2 RM · 12d ago on Sep 21, 2026· 51m 34s· 4 players
Game mode
Random Map
Map size
176×176
Population
200
Speed
Normal
Resources
Standard
Victory
Conquest
Starting age
Dark Age
Ending age
Imperial Age
RankedLock teamsTeams togetherTeam positionsShared explorationLock speedFull tech treeHidden civsTurbo modeCheats
Victory
Defeat
🇲🇽 Malay · Mexico
1069
+15
🇨🇳 Ethiopians · China
1064
+16
🇺🇾 Inca · Uruguay
1057
-16
🇦🇷 Spanish · Argentina
1054
-15
Gastâo
13:03 Feudal Age
18:04 Castle Age
18:08 Double-Bit Axe
24:03 Scale Barding Armor
23:58 Loom
25:39 Wheelbarrow
28:51 Forging
31:27 Fletching
32:29 Horse Collar
38:58 Imperial Age
39:48 Bloodlines
39:38 Husbandry
43:46 Chain Barding Armor
44:02 Iron Casting
44:43 Cavalier
49:50 Plate Barding Armor
50:16 Blast Furnace
Rapis94
5:55 Loom
14:29 Feudal Age
14:43 Champi Runner
15:11 Arson
19:16 Forging
19:06 Scale Mail Armor
24:42 Castle Age
28:13 Champi Warrior
ROCK ON - 16
4:57 Loom
13:20 Feudal Age
14:54 Wheelbarrow
15:48 Fishing Lines
20:52 Castle Age
23:47 Medium Warships
28:33 Gillnets
28:33 Double-Bit Axe
29:58 Hand Cart
32:25 Forging
33:43 Town Watch
34:56 Horse Collar
35:29 Bow Saw
40:39 Imperial Age
39:43 Town Patrol
40:44 Conscription
41:06 Iron Casting
41:45 Gold Mining
41:47 Stone Mining
43:03 Blast Furnace
42:13 Pikeman
42:54 Squires
42:39 Arson
42:50 Halberdier
43:59 Scale Barding Armor
43:45 Fletching
43:26 Elite Karambit Warrior
45:56 Elite Skirmisher
IDIOT DONT PLAY
4:56 Loom
13:51 Feudal Age
19:02 Castle Age
18:25 Fishing Lines
20:24 Double-Bit Axe
22:22 Wheelbarrow
21:30 Horse Collar
22:02 Bow Saw
22:45 Scale Mail Armor
22:55 Forging
24:00 Chain Mail Armor
26:41 Town Watch
29:28 Fortified Wall
35:56 Fletching
38:15 Iron Casting
45:19 Coinage
47:45 Imperial Age
45:32 Gillnets
49:00 Plate Mail Armor
47:59 Capped Ram
48:16 Elite Shotel Warrior
50:18 Conscription
50:16 Hand Cart
52:19 Blast Furnace
Connection lost

Rejoining the realm…

Still unreachable

The connection could not be restored.

Session expired

The server has moved on; the page needs a fresh start.